 Dungeon Crawl Stone Soup version 0.32-a0-18-g89e19f1974 (webtiles) character file.

Game seed: 15584779788596231875

1814867 bakla the Feline Mishap (level 25, 193/193 HPs)
             Began as a Felid Hedge Wizard on Jan 16, 2024.
             Was an Initiate of Qazlal.
             Escaped with the Orb
             ... and 3 runes!
             The game lasted 02:27:36 (56339 turns).

bakla the Feline Mishap (Felid Hedge Wizard)       Turns: 56339, Time: 02:27:36

Health: 193/193    AC: 29    Str: 17    XL:     25   Next: 21%
Magic:  39/39      EV: 43    Int: 25    God:    Qazlal [......]
Gold:   5610       SH:  0    Dex: 20    Spells: 24/32 levels left
                                        Lives:  2   Deaths: 7

rFire   + +          .
                       - Unarmed
rCold   . . .        (shield unavailable)
rNeg    + + +        (body armour unavailable)
rPois   ∞            (helmet unavailable)
rElec   +            (cloak unavailable)
rCorr   +            (gloves unavailable)
SInv    +            (boots unavailable)
Will    +++..        M - amulet "Diottini" {Acrobat rF+ Regen+}
Stlth   +            X - ring of the Oligarchy {rN+ rCorr Int+5}
HPRegen 1.32/turn    L - ring of Fatzigh {rN+ EV+5 Str+3 Dex+2}
MPRegen 0.26/turn

%: acrobat
@: statue-form, studying Dodging, very slow
A: slow and powerful, torment resistance 1, boosted hp, very small, claws 1,
fangs 3, see invisible, (shaggy fur 3), stealthy paws, no weapons or thrown
items, no armour, multi-lived, antennae 1, fire resistance 1, wild magic 1
0: Orb of Zot
}: 3/15 runes: decaying, silver, gossamer
a: Begin Untransformation, Renounce Religion


You escaped.
You worshipped Qazlal.
Qazlal was noncommittal.
You were a living statue of rough stone.
You visited 10 branches of the dungeon, and saw 48 of its levels.
You visited 2 bazaars.
You also visited: Sewer, Ossuary, Bailey, Gauntlet, Ice Cave and Wizlab.

You collected 7985 gold pieces.
You spent 2375 gold pieces at shops.

Inventory:

Armour
 x - a +0 chain mail
Jewellery
 g - a ring of protection from fire
 v - a +4 ring of protection
 D - a ring of willpower
 H - a ring of resist corrosion
 L - the ring of Fatzigh (right paw) {rN+ EV+5 Str+3 Dex+2}
   (You found it on level 4 of the Swamp)

   [ring of evasion]

   EV+5:      It affects your evasion (+5).
   Str+3:     It affects your strength (+3).
   Dex+2:     It affects your dexterity (+2).
   rN+:       It protects you from negative energy.
 M - the amulet "Diottini" (around neck) {Acrobat rF+ Regen+}
   (You acquired it on level 2 of the Spider Nest)

   [amulet of the acrobat]

   Acrobat:   It increases your evasion while moving and waiting.
   rF+:       It protects you from fire.
   Regen+:    It increases your rate of health regeneration.
 S - a ring of flight
 U - the ring "Esuy" {MP-9 AC+4 Int+3 Stlth+}
   (You took it off a vault warden on level 5 of the Vaults)

   [ring of protection]

   AC+4:      It affects your AC (+4).
   Int+3:     It affects your intelligence (+3).
   MP-9:      It affects your magic capacity (-9).
   Stlth+:    It makes you more stealthy.
 X - the ring of the Oligarchy (left paw) {rN+ rCorr Int+5}
   (You found it on level 5 of the Vaults)

   [ring of resist corrosion]

   Int+5:     It affects your intelligence (+5).
   rN+:       It protects you from negative energy.
   rCorr:     It protects you from acid and corrosion.
 Y - a ring of willpower
 Z - a +4 ring of slaying
Talismans
 h - a granite talisman (active)
 K - a talisman of death
Wands
 k - a wand of polymorph (8)
 n - a wand of flame (119)
 q - a wand of mindburst (80)
 w - a wand of acid (48)
 A - a wand of charming (81)
 F - a wand of roots (15)
 I - a wand of digging (9)
Scrolls
 i - 3 scrolls of summoning
 j - 6 scrolls of amnesia
 l - 9 scrolls of fog
 m - 4 scrolls of blinking
 o - 7 scrolls of teleportation
 y - 5 scrolls of fear
 C - 7 scrolls of vulnerability
 G - 25 scrolls of identify
 J - 4 scrolls of immolation
 N - 5 scrolls of poison
 O - a scroll of silence
 P - 2 scrolls of torment
Potions
 a - 5 potions of magic
 b - 5 potions of enlightenment
 c - a potion of haste
 d - 23 potions of curing
 e - 3 potions of mutation
 f - 5 potions of might
 p - 5 potions of resistance
 r - 7 potions of brilliance
 s - 2 potions of lignification
 t - 4 potions of attraction
 z - 4 potions of ambrosia
 B - 8 potions of cancellation
 Q - a potion of heal wounds
 T - a potion of berserk rage
Miscellaneous
 u - a lightning rod (4/4)
 E - a phantom mirror (inert)
 R - a phial of floods
 V - a condenser vane
 W - a sack of spiders


   Skills:
 + Level 21.1 Fighting
 - Level 22.9 Dodging
 - Level 2.6 Stealth
 + Level 21.1 Unarmed Combat
 - Level 4.0 Spellcasting
 - Level 1.5 Conjurations
 - Level 3.0 Summonings
 - Level 5.0 Necromancy
 - Level 1.5 Translocations
 - Level 23.0 Invocations
 - Level 10.0 Evocations
 - Level 18.0 Shapeshifting


You had 24 spell levels left.
You knew the following spells:

 Your Spells              Type           Power      Damage    Failure   Level
a - Magic Dart            Conj           64%        1d6       8%          1
b - Call Imp              Summ           52%        N/A       7%          2
c - Blink                 Tloc           32%        N/A       12%         2
d - Fugue of the Fallen   Necr           39%        N/A       6%          3

Your spell library contained the following spells:

 Spells                   Type           Power      Damage    Failure   Level
 Necrotise                Necr           100%       1d9       2%          1
 Summon Small Mammal      Summ           100%       N/A       4%          1
 Apportation              Tloc           32%        N/A       8%          1
 Sting                    Conj/Alch      44%        1d5       11%         1
 Cigotuvi's Dreadful Rot  Necr/Alch/Air  34%        N/A       11%         2
 Searing Ray              Conj           32%        2d5       12%         2
 Call Canine Familiar     Summ           26%        N/A       12%         3
 Slow                     Hex            24%        N/A       13%         1
 Static Discharge         Conj/Air       22%        3-4/arc   14%         2
 Ensorcelled Hibernation  Hex/Ice        12%        N/A       21%         2
 Jinxbite                 Hex            12%        N/A       21%         2
 Mercury Vapours          Alch/Air       12%        N/A       21%         2
 Summon Ice Beast         Ice/Summ       16%        N/A       21%         3
 Hailstorm                Conj/Ice       11%        3d6       28%         3
 Volatile Blastmotes      Fire/Tloc      22%        2d11      28%         3
 Mephitic Cloud           Conj/Alch/Air  9%         N/A       30%         3
 Frozen Ramparts          Ice            12%        1d2       34%         3
 Inner Flame              Hex/Fire       6%         N/A       34%         3
 Passwall                 Erth           6%         N/A       34%         3
 Swiftness                Air            6%         N/A       34%         3
 Tukima's Dance           Hex            6%         N/A       34%         3
 Anguish                  Hex/Necr       11%        N/A       41%         4
 Iskenderun's Mystic Bla  Conj/Tloc      16%        2d5       52%         4
 Summon Blazeheart Golem  Fire/Summ      16%        N/A       52%         4
 Brom's Barrelling Bould  Conj/Erth      11%        2d3       63%         4
 Fulminant Prism          Conj/Alch      5%         3d7       63%         4
 Vhi's Electric Charge    Tloc/Air       22%        N/A       63%         4
 Cause Fear               Hex            3%         N/A       73%         4
 Ignite Poison            Fire/Alch      6%         N/A       73%         4
 Leda's Liquefaction      Alch/Erth      3%         N/A       73%         4
 Petrify                  Alch/Erth      6%         N/A       73%         4
 Sticky Flame             Fire/Alch      6%         2d4       73%         4
 Iskenderun's Battlesphe  Conj           16%        2d7       86%         5
 Arcjolt                  Conj/Air       5%         1d15      92%         5
 Fireball                 Conj/Fire      5%         3d5       92%         5
 Irradiate                Conj/Alch      5%         3d13      92%         5
 Freezing Cloud           Conj/Ice/Air   4%         6-21      94%         5
 Alistair's Intoxication  Alch           4%         N/A       96%         5
 Metabolic Englaciation   Hex/Ice        3%         N/A       96%         5
 Summon Cactus Giant      Summ           13%        N/A       99%         6
 Bombard                  Conj/Erth      5%         9d2       100%        6
 Conjure Ball Lightning   Conj/Air       5%         3x3d6     100%        6
 Enfeeble                 Hex            3%         N/A       100%        7
 Malign Gateway           Summ/Tloc      10%        N/A       100%        7
 Orb of Destruction       Conj           8%         9d6       100%        7
 Summon Hydra             Summ           13%        N/A       100%        7
 Ignition                 Fire           3%         3d4       100%        8
 Maxwell's Capacitive Co  Air            3%         ∞         100%        8
 Summon Horrible Things   Summ           13%        N/A       100%        8
 Animate Armour           Summ/Erth      Unusable   N/A       N/A         4
 Dimensional Bullseye     Hex/Tloc       Unusable   N/A       N/A         4

Dungeon Overview and Level Annotations

Branches:
Dungeon (15/15)            Temple (1/1) D:7            Lair (5/5) D:9
  Swamp (4/4) Lair:3       Spider (4/4) Lair:3        Slime (0/5) Lair:4
    Orc (2/2) D:9             Elf (3/3) Orc:2        Vaults (5/5) D:14
  Crypt (0/3) Vaults:3     Depths (4/4) D:15            Zot (5/5) Depths:4
  Sewer (visited)         Ossuary (visited)          Bailey (visited)
  IceCv (visited)          WizLab (visited)         Gauntlet (visited)

Altars:
Ashenzari
Cheibriados
Dithmenos
Elyvilon
Fedhas
Gozag
Hepliaklqana
Kikubaaqudgha
Makhleb
Nemelex Xobeh
Okawaru
Qazlal
Ru
Sif Muna
Trog
Uskayaw
Vehumet
Wu Jian
Xom
Yredelemnul
Zin
The Shining One
Jiyva

Shops:
D:2 :*   D:4 *   D:15 **   Orc:2 **!*   Elf:2 ?   Vaults:1 [   Vaults:5 ((
Depths:4 ==:

Portals:
Hell: Depths:1 Depths:4
Trove: D:15 (give 14 scrolls of teleportation)

Annotations:
D:3 Ijyb
Swamp:2 3 runed translucent doors, cforsyth's ghost, adept OnSh
Swamp:4 Bai Suzhen
Orc:1 2 transporters, Yvaitil's ghost, journeyman DsCK
Elf:2 1 exclusion, Asterion
Depths:4 exclusion: 2 upstairs
Zot:2 exclusion: 6 upstairs
Zot:3 exclusion: 2 upstairs
Zot:4 exclusion: 3 upstairs
Zot:5 exclusion: upstairs


Innate Abilities, Weirdness & Mutations

You are a living statue of rough stone.
Your actions are slow, but your melee attacks are powerful.
You are resistant to unholy torment.
Your maximum health is greatly increased.
You are immune to poison.
You have sharp claws.
You have razor-sharp teeth.
You have supernaturally acute eyesight. (SInv)
((Your thick and shaggy fur keeps you warm. (AC +3, rC+)))
Your paws help you pounce on unaware monsters.
You are incapable of wielding weapons or throwing items.
You cannot wear armour.
You gain extra lives every three experience levels.
You have a pair of small antennae on your head.
Your flesh is heat resistant. (rF+)
Your spells are a little harder to cast, but a little more powerful.


Message History

The +3 glaive of freezing closely misses you.
You eviscerate the +4 broad axe of electrocution!!!
You destroy the +4 broad axe of electrocution!
That felt strangely unrewarding.
The +3 glaive of freezing completely misses you.
The barbed spikes dig painfully into your body as you move.
The barbed spikes snap loose.
The +3 glaive of freezing hits you! The +3 glaive of freezing freezes you.
The +3 glaive of freezing completely misses you.
You eviscerate the +3 glaive of freezing!!!
You destroy the +3 glaive of freezing!
That felt strangely unrewarding.
What level of the Dungeon? (default 1, ? - help) HP restored.
There is a stone staircase leading up here.
You climb upwards.
There is a stone staircase leading down here.
There is a stone staircase leading up here.
You sense a monster nearby.
You climb upwards.
There is a stone staircase leading down here.
You enter the shallow water.
Moving in this stuff is going to be slow.
A hell beast comes into view.
A red devil comes into view. It is wielding a +0 trident.
The hell beast completely misses you. x3
The hell beast tramples you but does no damage.
The hell beast completely misses you. x2
The hell beast attacks as it pursues you!
The hell beast completely misses you. x2; The hell beast misses you.
The hell beast completely misses you. x3
The hell beast completely misses you. x2
The red devil hits you but does no damage.
The hell beast completely misses you. x2
There is a staircase leading out of the dungeon here.
You can't go down here!
Unknown command.
The hell beast completely misses you. x2; The red devil misses you.
The hell beast completely misses you. The hell beast closely misses you.
You have escaped!

#..................# ####
##.)##...#######.#######..####
#...†...)..####...####.......#
..###..#.....#..~..#.....#...#
### ##.#8.(~....~....~..8#.###
# #.##...~..~~~..~...##.#
#.#.....~~~~~~~.....#.#
###.....~~~~...~~~~.....#
#.....~~~~~..8..~~~~~...#
###.#.....~~~~.2.~~~~.....#
##...#.#.....~~~~4~~.....#(#
##.###.##...~..~~~..~...##.#
...# #.#8..~....~....~..8#.#
.#####.#.....#..~..#.....#.#
....##.....####..[####.....#
###.##...#######.## ###...#
#..#.......# #..# ##..#


You could see a hell beast and a red devil.

Vanquished Creatures
  A pandemonium lord (D:13)
  Frederick (Vaults:5)
  2 dread liches
  An ancient lich (Vaults:5)
  2 orbs of fire
  Mara (Elf:3)
  A juggernaut (Depths:4)
  Mennas (Depths:4)
  Xtahua (Vaults:5)
  Sojobo (Vaults:3)
  Boris (Vaults:5)
  An antique champion (WizLab)
  Margery (Depths:4)
  3 caustic shrikes (Depths:4)
  2 Killer Klowns (Zot:5)
  Nikola (Swamp:1)
  5 golden dragons
  the Enchantress (Depths:4)
  3 electric golems
  A Tzitzimitl (D:6)
  A hellephant (Depths:4)
  A walking earthen tome (Depths:4)
  30 Orb Guardians
  Rupert (D:15)
  15 tentacled monstrosities
  6 liches
  An Ice Fiend (Zot:5)
  9 quicksilver dragons
  2 deep elf blademasters (Elf:3)
  6 titans
  4 sphinxes
  4 deep elf master archers (Elf:3)
  2 Executioners
  A tentacled starspawn (Lair:2)
  2 thorn hunters (Swamp:4)
  6 death cobs
  An ancient champion (WizLab)
  Gastronok (D:10)
  16 storm dragons
  Roxanne (Elf:2)
  7 shadow dragons
  Donald (Swamp:1)
  6 tengu reavers
  Aizul (Swamp:1)
  A protean progenitor (Zot:5)
  5 draconian monks (Depths:4)
  8 fire giants
  6 emperor scorpions (Spider:4)
  4 deep elf sorcerers
  8 frost giants
  2 draconian knights
  3 iron dragons
  23 vault wardens
  Louise (D:15)
  2 draconian shifters
  A balrug (D:7)
  3 ghost moths (Spider:4)
  2 draconian scorchers
  A reaper (D:11)
  An orc warlord (Vaults:1)
  A cacodemon (D:7)
  A draconian stormcaller (Zot:1)
  4 draconian annihilators
  4 spriggan defenders
  13 stone giants
  A demonspawn corrupter (D:7)
  A formless jellyfish (Vaults:4)
  2 juggernaut skeletons (WizLab)
  5 very ugly things
  A broodmother (Spider:4)
  9 green draconians
  16 ironbound preservers
  7 eleionomae
  7 deep elf death magi
  5 lorocyprocas
  4 vampire knights
  4 deep elf demonologists
  8 black draconians (Depths:4)
  10 ironbound thunderhulks
  8 purple draconians
  2 yellow draconians
  5 bunyips
  5 war gargoyles
  12 dire elephants
  5 deep elf annihilators
  9 white draconians
  A broodmother (shapeshifter) (Vaults:5)
  A crystal guardian (Vaults:3)
  10 red draconians
  2 entropy weavers
  A green death (Zot:4)
  5 ettins
  A quicksilver dragon zombie (D:15)
  10 yaktaur captains
  3 fire dragons
  10 great orbs of eyes
  2 jiangshi (WizLab)
  8 deep elf high priests
  Fannar (D:10)
  A shambling mangrove (Swamp:4)
  36 vault guards
  3 rakshasas
  A juggernaut simulacrum (WizLab)
  An ice dragon (Depths:4)
  5 spriggan air magi
  A ghost crab (Swamp:4)
  An anaconda (shapeshifter) (Vaults:5)
  8 alligators
  24 hydras
  A centaur warrior (Vaults:1)
  A jorogumo (D:14)
  2 ogre magi
  A hell beast (D:11)
  3 peacekeepers
  A catoblepas (D:15)
  A sphinx skeleton (Depths:1)
  16 ironbound frosthearts
  3 radroaches
  7 boulder beetles
  6 two-headed ogres
  6 deep troll shamans
  24 dancing weapons
  4 vampire magi
  13 death yaks
  11 deep troll earth magi
  An occultist (Depths:1)
  3 hell knights (Depths:4)
  3 tengu warriors
  3 demonic crawlers
  A spriggan berserker (Depths:4)
  5 orc high priests (Orc:2)
  12 deep elf knights
  3 iron trolls
  A soul eater (Depths:2)
  4 sun demons
  11 skeletal warriors
  2 skysharks
  A spark wasp zombie (D:15)
  A golden dragon zombie (Depths:1)
  Amaemon (Lair:1)
  2 death drakes
  10 goliath frogs
  A fire crab (Lair:4)
  3 storm dragon skeletons
  2 sixfirhies
  4 glowing orange brains
  3 sea snakes (Zot:5)
  48 deep trolls
  4 spriggan druids
  9 arcanists
  A mana viper (shapeshifter) (Elf:3)
  2 flayed ghosts
  4 bog bodies
  2 pharaoh ants (Spider:1)
  6 orb spiders
  9 swamp dragons
  A sun moth (Spider:3)
  13 deep elf archers
  7 phantasmal warriors
  9 lindwurms
  11 orc knights
  25 ironbound convokers
  3 harpies (Vaults:3)
  7 steelbarb worms
  A spriggan simulacrum (IceCv)
  3 will-o-the-wisps
  28 deep elf pyromancers
  A spectral boulder beetle (Gauntlet)
  26 deep elf zephyrmancers
  13 wolf spiders
  A lightning spire (Gauntlet)
  5 necromancers
  A stone giant zombie (WizLab)
  4 orc sorcerers
  20 ugly things
  3 cyclopes
  8 elephants
  A toenail golem (D:4)
  9 meliai
  6 manticores
  20 moths of wrath
  A guardian serpent (shapeshifter) (D:12)
  6 torpor snails
  6 black mambas
  An iron dragon skeleton (Depths:1)
  2 kobold demonologists
  A smoke demon (Temple)
  22 vault sentinels
  3 large abominations
  3 orange demons
  3 unseen horrors
  5 komodo dragons
  An eye of devastation (shapeshifter) (Vaults:5)
  34 yaktaurs
  7 rime drakes
  25 cane toads
  14 freezing wraiths
  2 tengu conjurers
  Psyche (D:8)
  A merfolk (Bazaar)
  A polar bear (Lair:3)
  10 tyrant leeches
  4 trolls
  3 alligator simulacra (IceCv)
  A wind drake (shapeshifter) (Vaults:5)
  A tarantella (shapeshifter) (Vaults:4)
  25 blink frogs
  A glass eye (shapeshifter) (Depths:4)
  24 tarantellas
  18 hornets
  Prince Ribbit (D:5)
  A raiju (Gauntlet)
  A dream sheep (shapeshifter) (Vaults:4)
  2 ettin skeletons (WizLab)
  13 culicivoras
  4 vampires
  4 water elementals
  A shadow (D:12)
  17 slime creatures
  14 spriggans
  3 air elementals
  A fire elemental (Elf:3)
  30 jumping spiders
  A ynoxinul (Depths:4)
  9 wyverns
  10 humans
  58 yaks
  4 wraiths
  A redback (shapeshifter) (Depths:4)
  13 basilisks
  A human (shapeshifter) (Elf:3)
  21 vampire mosquitoes
  Grum (Lair:1)
  3 wargs
  57 redbacks
  Edmund (D:6)
  2 harpy simulacra (IceCv)
  19 swamp worms
  2 acid dragons
  35 water moccasins
  A deep troll skeleton (WizLab)
  3 hell hounds (D:14)
  A two-headed ogre skeleton (WizLab)
  A black bear (shapeshifter) (Elf:3)
  39 orc warriors
  2 ettin simulacra (WizLab)
  12 swamp drakes
  3 black bears
  13 boggarts
  2 centaurs
  6 ogres
  26 wolves
  A swamp dragon skeleton (WizLab)
  An elf zombie (Ossuary)
  3 kobold brigands
  Blork the orc (D:5)
  2 earth elementals (Elf:2)
  9 gnoll sergeants
  20 bullfrogs
  2 deep troll simulacra (IceCv)
  3 scorpions
  3 two-headed ogre simulacra (WizLab)
  A cyclops skeleton (WizLab)
  7 wights
  A lindwurm simulacrum (IceCv)
  A swamp dragon simulacrum (WizLab)
  6 killer bees
  4 electric eels
  2 centaur zombies (Ossuary)
  10 howler monkeys
  A bombardier beetle (D:4)
  A crimson imp (Orc:1)
  An iron imp (Orc:1)
  2 hounds
  6 jellies
  22 orc priests
  A cyclops simulacrum (WizLab)
  4 gnoll boudas
  2 human zombies (Ossuary)
  Terence (D:3)
  2 iguanas
  8 hell rats
  A scorpion zombie (D:14)
  23 orc wizards
  7 hound zombies
  3 mummies
  Robin (D:2)
  18 gnolls
  3 river rats (Sewer)
  28 adders
  2 shadow imps
  4 white imps
  4 adder zombies (Ossuary)
  7 dart slugs
  A ribbon worm (D:5)
  98 orcs
  6 bats
  9 endoplasms
  3 giant cockroaches
  8 gnoll zombies (Ossuary)
  20 goblins
  19 hobgoblins
  3 jackals (D:3)
  2 quokkas (D:3)
  6 ball pythons
  4 frilled lizards
  A jackal zombie (Ossuary)
  12 kobolds
  5 kobold zombies (Ossuary)
  An orc zombie (Ossuary)
  A quokka zombie (D:6)
  6 rats
  A rat zombie (D:6)
  A spectral weapon (Swamp:2)
2101 creatures vanquished.

Vanquished Creatures (collateral kills)
  A minotaur (Gauntlet)
  2 spriggan air magi (Depths:4)
  2 spriggans (Depths:4)
  An orc warrior (Bailey)
  A wight (D:6)
  A howler monkey (D:7)
  A centaur zombie (Ossuary)
  A human zombie (Ossuary)
  2 hounds
  4 iguanas
  A sleepcap (D:5)
  A hound zombie (Ossuary)
  2 gnolls
  An adder (D:3)
  A ribbon worm (D:2)
  3 dart slugs (D:5)
  4 orcs
  2 goblins
  3 hobgoblins
  A quokka (D:2)
  3 gnoll zombies (Ossuary)
  2 jackal zombies (Ossuary)
  2 kobolds
  An orc zombie (Ossuary)
  7 rats
50 creatures vanquished.

Vanquished Creatures (others)
  A black draconian (Depths:4)
  A yaktaur captain (Vaults:2)
  A bog body (IceCv)
  A deep elf pyromancer (Elf:1)
  A tengu conjurer (Depths:4)
  A bloated husk (Swamp:1)
  A human (D:14)
  An orc (D:8)
  2 starspawn tentacles (Lair:2)
10 creatures vanquished.

Grand Total: 2161 creatures vanquished

Notes
Turn   | Place    | Note
-------+----------+-------------------------------------------
     0 | D:1      | bakla the Felid Hedge Wizard began the quest for the Orb.
     0 | D:1      | Reached XP level 1. HP: 9/9 MP: 5/5
   134 | D:1      | Reached skill level 1 in Conjurations
   218 | D:1      | Reached XP level 2. HP: 13/14 MP: 0/7
   302 | D:1      | Learned a level 2 spell: Call Imp
   847 | D:1      | Reached skill level 1 in Unarmed Combat
   969 | D:1      | Reached skill level 1 in Fighting
   969 | D:1      | Reached XP level 3. HP: 18/18 MP: 2/8
  1389 | D:2      | Noticed Robin
  1436 | D:2      | Killed Robin
  1620 | D:2      | Found a faded altar of an unknown god.
  1821 | D:2      | Found Jircheb's Book Shop.
  1827 | D:2      | Found Jammirhi's Assorted Antiques.
  1835 | D:2      | Bought a scroll labelled DOG BAGYATHY OZAX for 23 gold
                  | pieces
  1835 | D:2      | Bought a scroll labelled UNINKA NOEFO for 23 gold pieces
  1835 | D:2      | Bought a scroll labelled BEADEBR BAICUDAXT for 23 gold
                  | pieces
  1909 | D:2      | Reached XP level 4. HP: 16/22 MP: 3/9
  1909 | D:2      | Gained a life (2 lives remaining)
  3073 | D:3      | Killed from afar by an orc wizard
  3073 | D:3      | Lost a life (1 life remaining)
  3135 | D:3      | Reached XP level 5. HP: 18/26 MP: 5/10
  3301 | D:3      | Noticed Terence
  3344 | D:3      | Killed Terence
  3708 | D:3      | Noticed Ijyb
  4300 | D:4      | Noticed an ogre
  4311 | D:4      | Killed an ogre
  4311 | D:4      | Noticed a black bear
  4328 | D:4      | Killed a black bear
  4329 | D:4      | Reached skill level 5 in Dodging
  4329 | D:4      | Gained mutation: You are covered in thick fur. (AC +2)
                  | [Felid growth]
  4329 | D:4      | Reached XP level 6. HP: 30/32 MP: 3/11
  5161 | D:4      | Reached XP level 7. HP: 36/36 MP: 6/12
  5161 | D:4      | Gained a life (2 lives remaining)
  5443 | D:4      | Found Atopt's Elemental Accessories.
  5625 | D:4      | Identified the +3 leather armour "Qemyeshu" {^Drain +Blink
                  | rElec Str-3}
  5887 | D:5      | Entered Level 5 of the Dungeon
  5971 | D:5      | Noticed Blork the orc
  6400 | D:5      | Reached skill level 1 in Shapeshifting
  6475 | D:5      | Killed Blork the orc
  6476 | D:5      | Reached XP level 8. HP: 29/42 MP: 8/13
  6487 | D:5      | Found a glowing drain.
  6510 | Sewer    | Entered a sewer
  6728 | D:5      | Upgraded the game from 0.32-a0-17-gb74e046682 to
                  | 0.32-a0-18-g89e19f1974
  6840 | D:5      | Learned a level 2 spell: Blink
  6850 | D:5      | Reached skill level 5 in Fighting
  6987 | D:5      | Identified the +7 quarterstaff of Abuse {flame, *Corrode
                  | rPois SInv}
  7213 | D:6      | Reached skill level 5 in Unarmed Combat
  7385 | D:6      | Found a sand-covered staircase.
  7392 | Ossuary  | Entered an ossuary
  7736 | Ossuary  | Reached XP level 9. HP: 46/48 MP: 10/14
  7950 | D:6      | Noticed Edmund
  7951 | D:6      | Noticed Prince Ribbit
  7974 | D:5      | Killed Prince Ribbit
  8113 | D:6      | Killed Edmund
  8440 | D:7      | Found a staircase to the Ecumenical Temple.
  8449 | Temple   | Entered the Ecumenical Temple
  8469 | Temple   | Became a worshipper of the Wu Jian Council
  8799 | D:7      | Found a flagged portal.
  8810 | Bailey   | Entered a bailey
  9133 | Bailey   | Reached * piety under Wu Jian
  9535 | Bailey   | Noticed an orc knight
  9535 | Bailey   | Noticed an orc warlord
  9558 | Bailey   | Demolished by an orc warlord
  9558 | Bailey   | Lost a life (1 life remaining)
  9629 | Bailey   | Killed an orc knight
  9630 | Bailey   | Reached skill level 10 in Dodging
  9630 | Bailey   | Reached XP level 10. HP: 55/55 MP: 15/15
  9630 | Bailey   | Gained a life (2 lives remaining)
  9710 | Bailey   | Reached XP level 11. HP: 53/58 MP: 16/16
  9942 | D:7      | Reached ** piety under Wu Jian
 10072 | D:7      | Found a sacrificial altar of Ru.
 10072 | D:7      | Found a radiant altar of Vehumet.
 10184 | D:7      | Found a basalt altar of Yredelemnul.
 10186 | D:7      | Noticed a profane servitor
 10191 | D:7      | Found a glowing golden altar of the Shining One.
 10193 | D:7      | Noticed an angel
 10702 | D:8      | Noticed Psyche
 10711 | D:8      | Killed Psyche
 11047 | D:8      | Found a bloodstained altar of Trog.
 11133 | D:8      | Reached skill level 10 in Shapeshifting
 11299 | D:8      | Reached *** piety under Wu Jian
 11933 | D:9      | Found a staircase to the Orcish Mines.
 12086 | D:9      | Found a staircase to the Lair.
 12326 | D:9      | Reached **** piety under Wu Jian
 12883 | D:10     | Entered Level 10 of the Dungeon
 12891 | D:10     | Noticed Gastronok
 13209 | D:10     | Killed Gastronok
 13512 | D:10     | Noticed a two-headed ogre
 13525 | D:10     | Killed a two-headed ogre
 13557 | D:10     | Gained mutation: Your thick and shaggy fur keeps you warm.
                  | (AC +3, rC+) [Felid growth]
 13557 | D:10     | Reached XP level 12. HP: 32/65 MP: 17/17
 13842 | D:10     | Found a hazy altar of Hepliaklqana.
 14150 | D:10     | Noticed a two-headed ogre
 14153 | D:10     | Killed a two-headed ogre
 14643 | D:10     | Noticed Fannar
 14715 | D:10     | Killed Fannar
 15339 | D:11     | Noticed a two-headed ogre
 15347 | D:11     | Killed a two-headed ogre
 15493 | Lair:1   | Entered Level 1 of the Lair of Beasts
 15648 | Lair:1   | Reached ***** piety under Wu Jian
 15691 | Lair:1   | Noticed Amaemon
 15700 | Lair:1   | Killed Amaemon
 15724 | Lair:1   | Noticed Grum
 15730 | Lair:1   | Killed Grum
 15745 | Lair:1   | Reached skill level 10 in Fighting
 16055 | Lair:1   | Reached skill level 10 in Unarmed Combat
 16104 | Lair:1   | Noticed a death yak
 16104 | Lair:1   | Noticed a death yak
 16104 | Lair:1   | Noticed a death yak
 16134 | Lair:1   | Killed a death yak
 16141 | Lair:1   | Killed a death yak
 16152 | Lair:1   | Killed a death yak
 16156 | Lair:1   | Reached XP level 13. HP: 47/72 MP: 18/18
 17382 | Lair:2   | Learned a level 3 spell: Fugue of the Fallen
 17472 | Lair:2   | Found a runed translucent door.
 17472 | Lair:2   | Noticed a tentacled starspawn
 17490 | Lair:2   | Killed a tentacled starspawn
 18576 | Lair:3   | Reached ****** piety under Wu Jian
 18883 | Lair:3   | Found a gate leading to a gauntlet.
 18890 | Gauntlet | Entered a Gauntlet
 18890 | Gauntlet | Found a transporter.
 18891 | Gauntlet | Found a runed translucent door.
 18893 | Gauntlet | Found a transporter.
 18895 | Gauntlet | Found a runed translucent door.
 18905 | Gauntlet | Found a transporter.
 18909 | Gauntlet | Found a transporter.
 18924 | Gauntlet | Found a transporter.
 18936 | Gauntlet | Found a transporter.
 18942 | Gauntlet | Found a transporter.
 18946 | Gauntlet | Found a transporter.
 18972 | Gauntlet | Noticed a quicksilver ooze
 18976 | Gauntlet | Found a transporter.
 18978 | Gauntlet | Found a transporter.
 18982 | Gauntlet | Found a transporter.
 18993 | Gauntlet | Found a transporter.
 19137 | Gauntlet | Reached skill level 15 in Dodging
 19175 | Gauntlet | Identified the amulet "Jaamnaf" {Reflect Dex+2 SH+5}
 19309 | Gauntlet | Noticed a minotaur
 19312 | Gauntlet | Killed a minotaur
 19526 | Lair:3   | Found a hole to the Spider Nest.
 19847 | Lair:3   | Reached XP level 14. HP: 79/79 MP: 19/19
 20470 | Lair:3   | Found a staircase to the Swamp.
 21430 | Lair:4   | Identified a scroll of acquirement
 21574 | Lair:4   | Found a staircase to the Slime Pits.
 21574 | Lair:4   | Found a viscous altar of Jiyva.
 22732 | Lair:5   | Entered Level 5 of the Lair of Beasts
 22797 | Lair:5   | Acquired 428 gold pieces
 23377 | Lair:5   | Annihilated by a tyrant leech
 23377 | Lair:5   | Lost a life (1 life remaining)
 23539 | Lair:5   | Identified the +9 scale mail "Bidwol" {Will+ Dex+2 SInv}
 23581 | Lair:5   | Reached XP level 15. HP: 56/85 MP: 20/20
 23581 | Lair:5   | Gained a life (2 lives remaining)
 26879 | D:14     | Slain by a red ugly thing
 26879 | D:14     | Lost a life (1 life remaining)
 27355 | D:14     | Found an ancient bone altar of Kikubaaqudgha.
 28053 | D:14     | Found a gate to the Vaults.
 28111 | D:15     | Entered Level 15 of the Dungeon
 28377 | D:15     | Noticed Rupert
 28385 | D:15     | Killed Rupert
 28389 | D:15     | Noticed Louise
 28418 | D:15     | Killed Louise
 28657 | D:15     | Found a glowing silver altar of Zin.
 28697 | D:15     | HP: 4/85 [quicksilver dragon zombie (1)]
 28705 | D:15     | HP: 2/85 [quicksilver dragon zombie (4)]
 28734 | D:15     | HP: 1/130 [skeletal warrior/+0 halberd (15)]
 28735 | D:15     | Mangled by a harpy skeleton
 28735 | D:15     | Lost a life (0 lives remaining)
 29000 | D:15     | Found a staircase to the Depths.
 29162 | Orc:1    | Entered Level 1 of the Orcish Mines
 29291 | Orc:1    | Reached XP level 16. HP: 90/93 MP: 21/21
 29291 | Orc:1    | Gained a life (1 life remaining)
 29764 | Orc:2    | Entered Level 2 of the Orcish Mines
 29803 | Orc:1    | Noticed Yvaitil's ghost (journeyman DsCK)
 29844 | Orc:1    | Found a transporter.
 30056 | Orc:1    | Found a transporter.
 30464 | Orc:2    | Found a staircase to the Elven Halls.
 30581 | Orc:2    | Found Gaanuy's General Store.
 30581 | Orc:2    | Found Vafiunk's Assorted Antiques.
 30584 | Orc:2    | Found Yruaw's Distillery.
 30584 | Orc:2    | Found Siwyaxzi's Assorted Antiques.
 30595 | Orc:2    | Bought a scroll of teleportation for 36 gold pieces
 30595 | Orc:2    | Bought a scroll of teleportation for 36 gold pieces
 30597 | Orc:2    | Bought a scroll of poison for 48 gold pieces
 30598 | Orc:2    | Bought a potion of haste for 120 gold pieces
 30598 | Orc:2    | Bought a potion of curing for 36 gold pieces
 30598 | Orc:2    | Bought a potion of haste for 120 gold pieces
 30598 | Orc:2    | Bought a potion of mutation for 96 gold pieces
 30598 | Orc:2    | Bought a potion of haste for 120 gold pieces
 30598 | Orc:2    | Bought a potion of mutation for 96 gold pieces
 30598 | Orc:2    | Bought a potion of heal wounds for 60 gold pieces
 30598 | Orc:2    | Bought 2 potions of might for 96 gold pieces
 30600 | Orc:2    | Bought a scroll of immolation for 112 gold pieces
 30600 | Orc:2    | Bought a potion of mutation for 224 gold pieces
 30600 | Orc:2    | Bought a scroll of fear for 112 gold pieces
 30601 | Orc:2    | Bought a potion of mutation for 152 gold pieces
 30603 | Orc:2    | Gained mutation: You expend magic power (3 MP) to
                  | strengthen your wands. [potion of mutation]
 30603 | Orc:2    | Gained mutation: Your spells are a little easier to cast,
                  | but a little less powerful. [potion of mutation]
 30604 | Orc:2    | Lost mutation: You expend magic power (3 MP) to strengthen
                  | your wands. [potion of mutation]
 30604 | Orc:2    | Lost mutation: Your spells are a little easier to cast, but
                  | a little less powerful. [potion of mutation]
 30604 | Orc:2    | Gained mutation: You have a pair of small antennae on your
                  | head. [potion of mutation]
 30604 | Orc:2    | Gained mutation: You occasionally lose the ability to drink
                  | potions when taking damage. [potion of mutation]
 30604 | Orc:2    | Gained mutation: You expend magic power (3 MP) to
                  | strengthen your wands. [potion of mutation]
 30605 | Orc:2    | Lost mutation: You occasionally lose the ability to drink
                  | potions when taking damage. [potion of mutation]
 30605 | Orc:2    | Lost mutation: You expend magic power (3 MP) to strengthen
                  | your wands. [potion of mutation]
 30605 | Orc:2    | Gained mutation: Your spells are a little harder to cast,
                  | but a little more powerful. [potion of mutation]
 30605 | Orc:2    | Gained mutation: You are weak. (Str -2) [potion of
                  | mutation]
 30606 | Orc:2    | Lost mutation: You are weak. (Str -2) [potion of mutation]
 30606 | Orc:2    | Lost mutation: Your spells are a little harder to cast, but
                  | a little more powerful. [potion of mutation]
 30606 | Orc:2    | Gained mutation: You passively map a small area around you.
                  | [potion of mutation]
 30606 | Orc:2    | Gained mutation: Your flesh is cold resistant. (rC+)
                  | [potion of mutation]
 30606 | Orc:2    | Gained mutation: Your flesh is very cold resistant. (rC++)
                  | [potion of mutation]
 31217 | Swamp:1  | Entered Level 1 of the Swamp
 31565 | Swamp:1  | Noticed Donald
 31584 | Swamp:1  | Killed Donald
 31804 | Swamp:1  | Found a glacial archway.
 31822 | IceCv    | Entered an ice cave
 32359 | IceCv    | Found the +4 skin of Zhor {*Englaciate rC+++ SInv}
 32474 | IceCv    | Noticed a lich
 32486 | IceCv    | Killed a lich
 32697 | Swamp:1  | Noticed Nikola
 32711 | Swamp:1  | Killed Nikola
 33064 | Swamp:1  | Identified the serpent talisman "Rupet" {Int+5}
 33064 | Swamp:1  | Noticed Aizul
 33080 | Swamp:1  | Killed Aizul
 33616 | Swamp:2  | Found a runed translucent gate.
 33623 | Swamp:2  | Found a runed translucent gate.
 33623 | Swamp:2  | Found a runed translucent gate.
 33625 | Swamp:2  | Noticed cforsyth's ghost (adept OnSh)
 34043 | Swamp:2  | Reached skill level 15 in Fighting
 34427 | Swamp:2  | Reached skill level 15 in Unarmed Combat
 34755 | Swamp:3  | Reached XP level 17. HP: 64/99 MP: 22/22
 35036 | Swamp:4  | Entered Level 4 of the Swamp
 36121 | Swamp:4  | Reached skill level 15 in Shapeshifting
 36183 | Swamp:4  | Got a decaying rune of Zot
 36889 | Swamp:4  | Noticed Bai Suzhen
 36892 | Swamp:4  | Identified the ring of Fatzigh {rN+ EV+5 Str+3 Dex+2}
 37044 | Spider:1 | Entered Level 1 of the Spider Nest
 38258 | Spider:2 | Acquired 661 gold pieces
 38464 | Spider:2 | Acquired the amulet "Diottini" {Acrobat rF+ Regen+}
 39172 | Spider:4 | Entered Level 4 of the Spider Nest
 39213 | Spider:4 | Reached XP level 18. HP: 32/107 MP: 23/23
 39749 | Spider:4 | Identified the +0 ring mail "Epexosih" {Slay+3 SInv}
 40114 | Spider:4 | Got a gossamer rune of Zot
 40556 | Spider:3 | Identified the +0 shortbow "Grim Tooth" {flame, *Slow rC+++
                  | Str+5}
 41185 | Elf:1    | Entered Level 1 of the Elven Halls
 41290 | Elf:1    | Acquired 614 gold pieces
 42301 | Elf:2    | Found a magical portal.
 42310 | WizLab   | Entered Zonguldrok's Shrine
 42496 | WizLab   | Paralysed by a vampire knight for 3 turns
 42589 | WizLab   | Noticed a lich
 42589 | WizLab   | Noticed a lich
 42596 | WizLab   | Killed a lich
 42597 | WizLab   | Reached XP level 19. HP: 114/114 MP: 24/24
 42597 | WizLab   | Gained a life (2 lives remaining)
 42629 | WizLab   | Noticed an antique champion
 42629 | WizLab   | Noticed an antique champion
 42638 | WizLab   | Annihilated by an antique champion
 42638 | WizLab   | Lost a life (1 life remaining)
 42687 | WizLab   | Killed an antique champion
 42796 | Elf:2    | Noticed Asterion
 42877 | Elf:2    | Noticed Roxanne
 42911 | Elf:2    | Killed Roxanne
 42973 | Elf:2    | Found Anoah's Magic Scroll Boutique.
 42985 | Elf:2    | Bought a scroll of blinking for 120 gold pieces
 42985 | Elf:2    | Bought a scroll of blinking for 120 gold pieces
 42985 | Elf:2    | Bought a scroll of teleportation for 48 gold pieces
 42985 | Elf:2    | Bought a scroll of poison for 64 gold pieces
 43138 | Elf:3    | Entered Level 3 of the Elven Halls
 43171 | Elf:3    | Reached skill level 1 in Necromancy
 43394 | Elf:3    | Noticed Mara
 43395 | Elf:3    | Killed Mara
 43572 | Elf:3    | Found the +9 sword of Power {lifebolt}
 43612 | Elf:3    | Found the +3 greatsling "Punk" {acid, rCorr}
 43612 | Elf:3    | Identified the ring "Fajiab" {Wiz rElec}
 43624 | Elf:3    | Identified the amulet "Lutipt" {Reflect Rampage MP+9 Dex-3
                  | SH+5 SInv}
 43667 | Elf:3    | Identified the +9 plate armour of the Tsukumogami {Rampage
                  | SInv}
 43675 | Elf:3    | Identified the +5 spear of Wuqeell {spect, *Slow rC+ Int+2}
 43685 | Elf:3    | Got the Lectures on the Legion
 43727 | Elf:3    | Got the Atlas of the Mantle
 43733 | Elf:3    | Got the Anthology of Blasts and the Crucible
 43739 | Elf:3    | Got Mypsoj's Octavo of Ceraunoscopy
 43742 | Elf:3    | Got the Spellbook of Activism
 44085 | Vaults:1 | Entered Level 1 of the Vaults
 44249 | Vaults:1 | Reached skill level 5 in Necromancy
 44338 | Vaults:1 | Reached XP level 20. HP: 120/120 MP: 25/27
 44533 | Vaults:1 | Found Xireept's Antique Armour Shoppe.
 46181 | Vaults:2 | You fall into a shaft and drop 1 floor!
 46192 | Vaults:3 | Noticed Sojobo
 46197 | Vaults:3 | Killed Sojobo
 46403 | Vaults:3 | Found a staircase to the Crypt.
 46403 | Vaults:3 | Found an ancient bone altar of Kikubaaqudgha.
 46404 | Vaults:3 | Found a basalt altar of Yredelemnul.
 46458 | Vaults:3 | Reached skill level 1 in Invocations
 46458 | Vaults:3 | Reached skill level 1 in Evocations
 46528 | Vaults:3 | Reached skill level 2 in Invocations
 46628 | Vaults:3 | Reached skill level 3 in Invocations
 46703 | Vaults:3 | Reached XP level 21. HP: 128/128 MP: 28/28
 46973 | Vaults:3 | Reached skill level 4 in Invocations
 47316 | Vaults:3 | Reached skill level 5 in Evocations
 47447 | Vaults:3 | Reached skill level 5 in Invocations
 47670 | Vaults:4 | Found a flickering gateway to a bazaar.
 47675 | Bazaar   | Entered a bazaar
 47675 | Bazaar   | Found Xoteyse's Weapon Boutique.
 47675 | Bazaar   | Found Leishes's Antique Armour Shop.
 47675 | Bazaar   | Found Coczuapn's Armour Shop.
 47911 | Vaults:4 | Reached skill level 6 in Invocations
 48309 | Vaults:4 | Reached skill level 7 in Invocations
 48611 | Vaults:5 | Entered Level 5 of the Vaults
 48622 | Vaults:5 | Reached skill level 8 in Invocations
 48648 | Vaults:5 | Reached skill level 9 in Invocations
 48650 | Vaults:5 | Reached skill level 10 in Evocations
 48674 | Vaults:5 | Reached skill level 10 in Invocations
 48684 | Vaults:5 | Identified the staff of the Priest {rPois rC+ Dex+3 Necro
                  | Alchemy}
 48689 | Vaults:5 | Noticed Xtahua
 48690 | Vaults:5 | Reached XP level 22. HP: 133/133 MP: 31/31
 48690 | Vaults:5 | Gained a life (2 lives remaining)
 48690 | Vaults:5 | Noticed a dread lich
 48691 | Vaults:5 | Reached skill level 11 in Invocations
 48697 | Vaults:5 | Noticed a golden dragon
 48698 | Vaults:5 | Killed Xtahua
 48702 | Vaults:5 | Killed a dread lich
 48703 | Vaults:5 | Killed a golden dragon
 48704 | Vaults:5 | Reached skill level 12 in Invocations
 48747 | Vaults:5 | Reached skill level 13 in Invocations
 48747 | Vaults:5 | Identified the orb of Quantum Leap {light, Fly Str+6 Dex-3
                  | Air}
 48747 | Vaults:5 | Noticed Frederick
 48748 | Vaults:5 | Identified the +2 morningstar of Hepliaklqana, Growing
                  | {flame, *Corrode rElec rPois Dex-3}
 48754 | Vaults:5 | Killed Frederick
 48799 | Vaults:5 | Found Sienorua's Antique Weapon Shoppe.
 48803 | Vaults:5 | Found Ahoom's Weapon Shop.
 48891 | Vaults:5 | Identified the ring "Esuy" {MP-9 AC+4 Int+3 Stlth+}
 48922 | Vaults:5 | Reached skill level 14 in Invocations
 48952 | Vaults:5 | Got a silver rune of Zot
 48960 | Vaults:5 | Identified the ring of the Oligarchy {rN+ rCorr Int+5}
 48990 | Vaults:5 | Noticed Boris
 49002 | Vaults:5 | Killed Boris
 49044 | Vaults:5 | Identified the +9 mace of Armageddon {freeze, Int+5}
 49055 | Vaults:5 | Noticed a golden dragon
 49064 | Vaults:5 | Killed a golden dragon
 49135 | Vaults:5 | Noticed an ancient lich
 49200 | Vaults:5 | Killed an ancient lich
 49296 | Vaults:5 | Reached skill level 15 in Invocations
 49358 | Vaults:5 | Identified the +1 battleaxe of the Orcish Mines {antimagic,
                  | rF- Int+5}
 50064 | D:15     | Found a portal to a secret trove of treasure.
 50071 | D:15     | Found Canworphi's General Store.
 50072 | D:15     | Found Timekh's Specific Store.
 50079 | D:15     | Bought a potion of mutation for 128 gold pieces
 50079 | D:15     | Bought a potion of curing for 48 gold pieces
 50079 | D:15     | Bought a potion of curing for 48 gold pieces
 50155 | Depths:1 | Entered Level 1 of the Depths
 50159 | Depths:1 | Found a gateway to Hell.
 50221 | Depths:1 | Found a flickering gateway to a bazaar.
 50245 | Bazaar   | Entered a bazaar
 50251 | Bazaar   | Found Sem Jal's Jewellery Shoppe.
 50252 | Bazaar   | Found Zorud's Assorted Antiques.
 50267 | Bazaar   | Bought a scroll of summoning for 266 gold pieces
 50289 | Bazaar   | Found Womn's Weapon Emporium.
 50297 | Bazaar   | Found Qonam's Weapon Boutique.
 50404 | Depths:1 | Reached skill level 16 in Invocations
 51308 | Depths:3 | Reached XP level 23. HP: 137/137 MP: 36/36
 51314 | Depths:3 | Reached skill level 17 in Invocations
 51343 | Depths:4 | Entered Level 4 of the Depths
 51349 | Depths:4 | Noticed Mennas
 51364 | Depths:4 | Killed Mennas
 51430 | Depths:4 | Noticed Margery
 51445 | Depths:4 | Killed Margery
 51450 | Depths:4 | Killed the ghostly Margery
 51471 | Depths:4 | Noticed a caustic shrike
 51509 | Depths:4 | Noticed a juggernaut
 51514 | Depths:4 | Killed a juggernaut
 51514 | Depths:4 | Reached skill level 18 in Invocations
 51663 | Depths:4 | Noticed a caustic shrike
 51673 | Depths:4 | Noticed a caustic shrike
 51675 | Depths:4 | Killed a caustic shrike
 51677 | Depths:4 | Killed a caustic shrike
 51682 | Depths:4 | Killed a caustic shrike
 52006 | Depths:4 | Reached skill level 19 in Invocations
 52162 | Depths:4 | Identified the +11 great mace of Collusion {venom, Fly}
 52398 | Depths:4 | Found a gate to the Realm of Zot.
 52458 | Depths:4 | Reached skill level 20 in Invocations
 52585 | Depths:4 | Noticed the Enchantress
 52615 | Depths:4 | Killed the Enchantress
 53130 | Depths:4 | Found Juinte's Jewellery Boutique.
 53132 | Depths:4 | Found Issok's Book Shoppe.
 53133 | Depths:4 | Found Sujif Ydacvu's Jewellery Boutique.
 53246 | Zot:1    | Entered Level 1 of the Realm of Zot
 53272 | Zot:1    | Reached skill level 21 in Invocations
 53414 | Zot:1    | Reached XP level 24. HP: 142/142 MP: 38/38
 53627 | Zot:2    | Noticed an orb of fire
 53633 | Zot:2    | Gained mutation: You sometimes lose your temper in combat.
                  | [an orb of fire]
 53637 | Zot:2    | Gained mutation: Your health recovers twice as slowly from
                  | being drained. [an orb of fire]
 53641 | Zot:2    | Gained mutation: You occasionally lose the ability to read
                  | scrolls when taking damage. [an orb of fire]
 53644 | Zot:1    | Gained mutation: You are frail. (-10% HP) [an orb of fire]
 53644 | Zot:1    | Gained mutation: You are weak. (Str -2) [an orb of fire]
 53646 | Zot:1    | Killed an orb of fire
 54469 | Zot:2    | Reached skill level 22 in Invocations
 54736 | Zot:5    | Entered Level 5 of the Realm of Zot
 54968 | Zot:5    | Slain by an Orb Guardian
 54968 | Zot:5    | Lost a life (1 life remaining)
 55248 | Zot:5    | Noticed a dread lich
 55254 | Zot:5    | Killed a dread lich
 55263 | Zot:5    | Noticed an orb of fire
 55264 | Zot:5    | Noticed a Killer Klown
 55266 | Zot:5    | Noticed a Killer Klown
 55266 | Zot:5    | Killed a Killer Klown
 55266 | Zot:5    | Gained mutation: You are occasionally teleported next to
                  | monsters. [an orb of fire]
 55268 | Zot:5    | Killed an orb of fire
 55272 | Zot:5    | Killed a Killer Klown
 55343 | Zot:5    | Reached skill level 23 in Invocations
 55353 | Zot:5    | Got the Orb of Zot
 55383 | Zot:5    | Noticed an orb of fire
 55387 | Zot:5    | Noticed an ancient lich
 55387 | Zot:5    | Noticed a dread lich
 55387 | Zot:5    | Gained mutation: You are often teleported next to monsters.
                  | [an orb of fire]
 55388 | Zot:5    | Noticed an ancient lich
 55390 | Zot:5    | Noticed a dread lich
 55391 | Zot:5    | Gained mutation: Your body sometimes deteriorates upon
                  | taking damage. [an orb of fire]
 55392 | Zot:5    | Noticed a Killer Klown
 55677 | D:14     | Lost mutation: Your body sometimes deteriorates upon taking
                  | damage. [potion of mutation]
 55677 | D:14     | Lost mutation: You are weak. (Str -2) [potion of mutation]
 55677 | D:14     | Lost mutation: Your flesh is very cold resistant. (rC++)
                  | [potion of mutation]
 55677 | D:14     | Gained mutation: You have hidden genetic potential. [potion
                  | of mutation]
 55677 | D:14     | Lost mutation: You have a pair of small antennae on your
                  | head. [potion of mutation]
 55677 | D:14     | Gained mutation: You have an increased reservoir of magic.
                  | (+10% MP) [potion of mutation]
 55678 | D:14     | Lost mutation: You have an increased reservoir of magic.
                  | (+10% MP) [potion of mutation]
 55678 | D:14     | Lost mutation: You have hidden genetic potential. [potion
                  | of mutation]
 55678 | D:14     | Gained mutation: You are very frail. (-20% HP) [potion of
                  | mutation]
 55678 | D:14     | Lost mutation: You are very frail. (-20% HP) [potion of
                  | mutation]
 55678 | D:14     | Gained mutation: You are partially covered in iridescent
                  | scales. (AC +2) [potion of mutation]
 55679 | D:14     | Lost mutation: You occasionally lose the ability to read
                  | scrolls when taking damage. [potion of mutation]
 55679 | D:14     | Lost mutation: Your flesh is cold resistant. (rC+) [potion
                  | of mutation]
 55679 | D:14     | Lost mutation: You are frail. (-10% HP) [potion of
                  | mutation]
 55679 | D:14     | Gained mutation: You are clumsy. (Dex -2) [potion of
                  | mutation]
 55679 | D:14     | Lost mutation: You are clumsy. (Dex -2) [potion of
                  | mutation]
 55680 | D:14     | Lost mutation: You are often teleported next to monsters.
                  | [potion of mutation]
 55680 | D:14     | Lost mutation: Your health recovers twice as slowly from
                  | being drained. [potion of mutation]
 55680 | D:14     | Lost mutation: You are partially covered in iridescent
                  | scales. (AC +2) [potion of mutation]
 55680 | D:14     | Lost mutation: You sometimes lose your temper in combat.
                  | [potion of mutation]
 55680 | D:14     | Gained mutation: You are frail. (-10% HP) [potion of
                  | mutation]
 55680 | D:14     | Gained mutation: You expend magic power (3 MP) to
                  | strengthen your wands. [potion of mutation]
 55681 | D:14     | Lost mutation: You are occasionally teleported next to
                  | monsters. [potion of mutation]
 55681 | D:14     | Lost mutation: You expend magic power (3 MP) to strengthen
                  | your wands. [potion of mutation]
 55681 | D:14     | Lost mutation: You are frail. (-10% HP) [potion of
                  | mutation]
 55681 | D:14     | Gained mutation: You have a pair of small antennae on your
                  | head. [potion of mutation]
 55681 | D:14     | Lost mutation: You passively map a small area around you.
                  | [potion of mutation]
 55681 | D:14     | Gained mutation: Your flesh is heat resistant. (rF+)
                  | [potion of mutation]
 55688 | D:13     | Noticed Nieget the pandemonium lord
 55695 | D:13     | Killed Nieget the pandemonium lord
 55697 | D:13     | Reached XP level 25. HP: 148/148 MP: 39/39
 55697 | D:13     | Gained a life (2 lives remaining)
 55721 | D:12     | Noticed Kioruf the pandemonium lord
 55957 | D:7      | Noticed Zisi the pandemonium lord
 56000 | D:7      | Gained mutation: Your spells are a little harder to cast,
                  | but a little more powerful. [a cacodemon]
 56015 | D:7      | Noticed an ancient lich
 56015 | D:7      | Noticed Xedow the pandemonium lord
 56037 | Temple   | Fell from the grace of Wu Jian
 56037 | Temple   | Became a worshipper of Qazlal Stormbringer
 56128 | D:6      | Noticed Gut Goashroo the pandemonium lord
 56339 | D:$      | Escaped with the Orb!

Illustrated notes

Levels and vault maps discovered:
D:1:      eino_arrival_water_star, layout_rooms, serial_bayou_lagoon_b
D:2:      layout_basic, serial_shops, nicolae_shop_trees, shop,
          shapermc_ecumenical_altar_petra, uniq_robin
D:3:      layout_loops_ring, guppyfry_early_lair_pool, uniq_ijyb, uniq_terence
D:4:      layout_loops_ring, roderic_cross_of_infinity, nicolae_elemental_shop
D:5:      kennysheep_slugbush, layout_cave_pools, portal_sewer_entry_c,
          serial_column_ruins, column_ruins_columns_straight,
          column_ruins_open_tiny, column_ruins_open_tiny, column_ruins_grid_1,
          column_ruins_corridor_corner, column_ruins_grid_2,
          column_ruins_grid_2, uniq_blork_the_orc
D:6:      layout_rooms, enter_ossuary_4, uniq_edmund, uniq_prince_ribbit1
D:7:      layout_basic, grunt_temple_overflow_holy_war,
          gammafunk_temple_overflow_pools, minmay_temple_entry_drinking_statues,
          enter_bailey_2, kennysheep_generic_room_10
D:8:      layout_rooms, nicolae_overflow_crystal_walls,
          pf_guarded_unrand_woodcutter, uniq_psyche
D:9:      layout_basic, minmay_lair_entry_grove, orc_0_dummy
D:10:     lemuel_reptile_caves, layout_long_grid, overflow_temple_1_default,
          hangedman_decor_lopped, lightli_orcish_oven, uniq_gastronok,
          uniq_fannar
D:11:     layout_basic
D:12:     layout_cave_pools, wad_dig_loot
D:13:     layout_roguey
D:14:     hellmonk_paralyzer, layout_irregular_city, ximxim_vaults_locker_room,
          glass_columns_a, lemuel_zombie_altar_kikubaaqudgha
D:15:     gammafunk_depths_entry_grave, layout_long_grid,
          hangedman_abyss_or_decor_lesser_grid, enter_trove_6,
          minmay_misc_feat_room, drop_trap, minmay_misc_feat_ornament,
          nicolae_specific_store, zin_angel, uniq_louise, uniq_rupert
Temple:   lightli_temple_of_artemis
Lair:1:   layout_regular_city, grunt_megastairs_2, infiniplex_staircase_pool,
          uniq_amaemon, uniq_grum
Lair:2:   layout_chaotic_city, pdpol_lair_cabin_in_the_woods
Lair:3:   layout_loops_ring, nicolae_swamp_entry_splash_gauntlet,
          spider_nest_entry_webs, gauntlet_entry_generic, special_room
          [special_room_mythical_zoo], beast_lair_carwin_10
Lair:4:   layout_hall_layers, minmay_slime_entry_pillars,
          nicolae_volcano_entry_vermiform
Lair:5:   minmay_lair_end_frog_pond, layout_loops_ring
Swamp:1:  layout_basic_swamp, portal_ice_cave_entry_frozen_things,
          nicolae_swamp_some_circles, infiniplex_staircase_pool_2, uniq_donald,
          uniq_aizul, uniq_nikola
Swamp:2:  layout_basic_swamp, gammafunk_ghost_hydra_chop, serial_swamp_ruin,
          evilmike_swamp_ruin_house_1, hangedman_swamp_ruin_hall, swamp_pool_4
Swamp:3:  layout_falls_marsh, nicolae_swamp_well_well_well, swamp_pool_1_2,
          nicolae_swamp_no_escape
Swamp:4:  swamp, layout_basic_swamp, swamp_pool_5,
          nicolae_swamp_orc_logging_accident, uniq_bai_suzhen
Spider:1: layout_spider_delve
Spider:2: layout_spider_delve, hangedman_spider_tarantella_strand
Spider:3: layout_spider_delve, guppyfry_spider_mini_2
Spider:4: grunt_spider_rune_circles
Orc:1:    layout_caves, gammafunk_ghost_stat_death, hangedman_minor_magic
Orc:2:    st_orc_pillars, layout_diamond_mine, small_statue_alley_c,
          nicolae_orc_crystal_geode
Elf:1:    elf_arrival_001, layout_geoelf_grid,
          hangedman_elven_crosses_minicolossus, nicolae_elf_big_sculpture_1
Elf:2:    nicolae_elf_blades_splatter_lattice [nicolae_blade_bullseye],
          layout_geoelf_grid, mu_enter_wizlab_3, serial_shops, shop,
          uniq_asterion, uniq_roxanne
Elf:3:    minmay_elf_hall_circle, layout_geoelf_grid, uniq_mara
Vaults:1: v_misc_3, nicolae_vaults_house_2, nicolae_vaults_ellipses_ellipsis,
          nicolae_vaults_sesquioval_fish, nicolae_vaults_trapezoid_lopsided_2,
          v_misc_24, ontoclasm_vaults_pinch, layout_vaults_big_room,
          serial_shops, shop_fountains
Vaults:2: st_octagons_1, nicolae_vaults_frosty_reception,
          vaults_standard_mumra_lines, vaults_room_stairs_pillars,
          vaults_mumra_minichess_inversion, nicolae_vaults_tetromino_Z_1,
          nicolae_vaults_double_plus_3, v_alt_pattern_6, vaults_mumra_minichess,
          nicolae_vaults_theta, v_misc_23, ontoclasm_vaults_twist,
          serial_library_hellmonk_open_square, nicolae_vaults_rhombus_5,
          nicolae_vaults_what_the_h, vaults_dpeg_emergency_exit, v_misc_13,
          nicolae_vaults_little_squares_5, layout_vaults_maze
Vaults:3: vaults_room_boxed, nicolae_vaults_closet_pinwheel_1, v_misc_16,
          minmay_crypt_entry_necro_gods, v_rooms_5,
          nicolae_vaults_border_crossing, ontoclasm_vaults_chip,
          nicolae_vaults_shipping_containers_3, nicolae_vaults_network_s,
          hangedman_vaults_impose, nicolae_vaults_trapezoid_lopsided_1,
          nicolae_vaults_trapezoid_lopsided_1, nicolae_vaults_circle_grid_b,
          ontoclasm_vaults_shuriken, hangedman_vaults_impose,
          layout_vaults_ring, uniq_sojobo
Vaults:4: vaults_mumra_chevron, nicolae_vaults_storage_closets_2, st_cells,
          ontoclasm_vaults_spin, nicolae_vaults_doubleplus_tesselated,
          nicolae_vaults_oval_intersection, v_alt_pattern_1,
          dpeg_vaults_monster_row, ontoclasm_vaults_misaligned,
          grunt_vaults_focal, vaults_room_grid, vaults_mumra_hexcomb,
          layout_vaults_omnibox, serial_shops, bzr_entry_road
Vaults:5: uniq_xtahua, uniq_frederick, uniq_boris
Depths:1: layout_cave_shapes, serial_shops, bzr_entry_islet, hell_entry,
          hangedman_decor_opposing, roderic_serpentine_path,
          chequers_serial_rivers_large_b
Depths:2: minmay_five_octagons, layout_basic, enter_ziggurat_a, hell_entry,
          pan_entry, grunt_dithmenos_smoke, serial_bayou_shore_b
Depths:3: grated_community_mu [grated_community_mu_vampire_home,
          grated_community_mu_giant_home, grated_community_mu_spellcaster_home,
          grated_community_mu_orcish_home, grated_community_mu_troll_home,
          grated_community_mu_taur_home, grated_community_mu_unbuilt_plot],
          layout_basic, abyss_entry, minmay_misc_feat_diagonals,
          lightli_too_deep, minmay_mirror_moons_of_madness
Depths:4: lemuel_castle_with_subvaults [lemuel_castle_interior_carwin_1],
          layout_long_grid, hangedman_glass_teeth, hell_entry,
          minmay_shop_grove, uniq_enchantress, uniq_mennas, uniq_grunn,
          uniq_margery
Zot:1:    layout_basic, regret_index_zotdec_ex
Zot:2:    layout_gridville, regret_index_zotdec_zees,
          regret_index_zotdec_banners
Zot:3:    layout_gridlike
Zot:4:    gammafunk_dig_for_victory, layout_misc_corridors,
          regret_index_zotdec_slimy_original, uniq_tiamat
Zot:5:    layout_gridville, st_stairs_10, grunt_ministairs_9

Skill      XL: |  1  2  3  4  5  6  7  8  9 10 11 12 13 14 15 16 17 18 19 20 21 22 23 24 25 |
---------------+----------------------------------------------------------------------------+-----
Conjurations   | 1 |  1.5
Dodging        | 3 4 5 7 8 10 11 13 15 16 18 19 20 22 | 22.9
Unarmed Combat | 1 2 3 4 5 7 8 10 11 12 14 15 16 17 18 20 21 | 21.1
Fighting       | 1 2 3 4 5 7 8 10 11 12 14 15 16 17 18 20 21 | 21.1
Summonings     | 2 3 |  3.0
Shapeshifting  | 1 3 4 9 10 11 12 13 14 15 16 17 18 | 18.0
Necromancy     | 5 |  5.0
Spellcasting   | 4 |  4.0
Invocations    | 3 10 16 21 23 | 23.0
Evocations     | 3 10 | 10.0
Stealth        | |  2.6
Translocations | |  1.5

Action                     |  1- 3 |  4- 6 |  7- 9 | 10-12 | 13-15 | 16-18 | 19-21 | 22-24 | 25-27 || total
---------------------------+-------+-------+-------+-------+-------+-------+-------+-------+-------++-------
  Melee: Unarmed           |    35 |    60 |   628 |   724 |  1494 |  1973 |  1309 |  1391 |   135 ||  7749
         Bite              |     3 |     7 |    77 |     5 |    58 |    86 |   171 |   207 |    21 ||   635
         Punch             |       |     2 |    31 |     5 |    49 |    75 |   185 |   213 |    18 ||   578
         Constrict         |       |       |       |   139 |   226 |   278 |       |       |       ||   643
         Maw               |       |       |       |       |   157 |   179 |    34 |       |       ||   370
   Cast: Magic Dart        |    89 |    84 |    79 |       |       |       |     1 |       |       ||   253
         Call Imp          |     6 |    29 |    64 |     1 |       |       |       |       |       ||   100
         Fugue of the Fall |       |       |       |       |       |       |    23 |     8 |       ||    31
 Invoke: Serpent's Lash    |       |       |       |     9 |    14 |    25 |     8 |    15 |     1 ||    72
         Heavenly Storm    |       |       |       |       |       |     3 |     2 |     2 |       ||     7
Ability: Whirlwind         |       |       |    52 |   129 |   102 |   547 |   415 |   456 |    25 ||  1726
         Lunge             |       |       |    10 |    50 |    74 |   161 |    90 |    75 |     4 ||   464
         Wall Jump         |       |       |       |       |       |       |     2 |       |       ||     2
  Evoke: Wand              |       |     6 |    11 |     9 |    13 |     5 |       |     5 |       ||    49
         Phantom mirror    |       |       |       |       |     3 |     1 |     1 |     2 |       ||     7
    Use: Scroll            |       |     4 |    17 |     4 |     8 |     7 |     9 |     8 |     7 ||    64
         Potion            |       |       |     9 |     4 |    14 |    13 |     4 |    13 |       ||    57
   Stab: Sleeping          |       |     1 |     2 |     7 |     9 |    23 |    19 |     5 |       ||    66
         Distracted        |       |     1 |     5 |     1 |       |     1 |     2 |     6 |       ||    16
         Invisible         |       |       |     4 |       |       |       |     2 |       |       ||     6
 Armour: Skin              |    14 |    30 |   195 |   328 |   574 |   653 |   411 |   669 |    45 ||  2919
  Dodge: Dodged            |    28 |    49 |   614 |   435 |  1054 |  1754 |  1698 |  2179 |   259 ||  8070
  Block: Other             |       |       |       |       |   156 |   169 |       |       |       ||   325
         Reflection        |       |       |       |       |     1 |     4 |       |       |       ||     5
   Form: Serpent           |       |       |       |     2 |       |     3 |       |       |       ||     5
                           |       |       |       |     1 |       |     1 |       |       |       ||     2
         Maw               |       |       |       |       |     1 |     1 |       |       |       ||     2
         Statue            |       |       |       |       |       |       |     1 |       |       ||     1
         Death             |       |       |       |       |       |       |     1 |       |       ||     1

Table legend: (Time is in decaauts)
 A = Elapsed time spent in this place.
 B = Non-inter-level travel time spent in this place.
 C = Inter-level travel time spent in this place.
 D = Time resting spent in this place.
 E = Time spent auto-exploring this place.
 F = Levels seen in this place.
 G = Mean time per level.
                   A        B        C        D        E       F      G
               +--------+--------+--------+--------+--------+-----+--------+
         Total |  61851 |  57394 |   4457 |   9897 |  31543 |  56 | 1104.5 |
       Dungeon |  20456 |  18620 |   1836 |   2459 |  11823 |  15 | 1363.7 |
        Temple |    172 |    143 |     29 |      0 |      0 |   1 |  172.0 |
          Lair |   8418 |   7824 |    594 |   1305 |   4631 |   5 | 1683.6 |
         Swamp |   4965 |   4852 |    113 |   1811 |   1940 |   4 | 1241.2 |
   Spider Nest |   3853 |   3512 |    341 |     97 |   2473 |   4 |  963.2 |
  Orcish Mines |   1956 |   1662 |    294 |    200 |   1093 |   2 |  978.0 |
   Elven Halls |   2620 |   2393 |    227 |     68 |   1371 |   3 |  873.3 |
        Vaults |   8220 |   7720 |    500 |    268 |   5521 |   5 | 1644.0 |
        Depths |   4557 |   4148 |    409 |    979 |   1919 |   4 | 1139.2 |
           Zot |   3380 |   3270 |    110 |   1693 |    459 |   5 |  676.0 |
        Bazaar |    183 |    183 |      0 |      0 |    132 |   2 |   91.5 |
         Sewer |    159 |    159 |      0 |     35 |      0 |   1 |  159.0 |
       Ossuary |    418 |    418 |      0 |     39 |     67 |   1 |  418.0 |
        Bailey |    926 |    926 |      0 |    458 |      0 |   1 |  926.0 |
      Ice Cave |    683 |    683 |      0 |    386 |     11 |   1 |  683.0 |
        Wizlab |    389 |    389 |      0 |     25 |     51 |   1 |  389.0 |
      Gauntlet |    490 |    490 |      0 |     72 |     50 |   1 |  490.0 |
               +--------+--------+--------+--------+--------+-----+--------+

Top non-repeatable levels by time:
Depths:4: 2860 daAuts
  Lair:3: 2354 daAuts
    D:10: 2270 daAuts
     D:3: 2019 daAuts
Vaults:3: 1887 daAuts
Vaults:2: 1881 daAuts
     D:4: 1772 daAuts
  Lair:1: 1693 daAuts
   Zot:1: 1688 daAuts
     D:9: 1676 daAuts
 Swamp:1: 1615 daAuts
Vaults:5: 1584 daAuts
  Lair:2: 1517 daAuts
     D:1: 1508 daAuts
  Lair:5: 1485 daAuts
